 Dungeon Crawl Stone Soup version 0.31-a0-1066-g35875b34c7 (webtiles) character file.

Game seed: 2460398251656949205

550 Crotyas the Chiller (level 7, -3/52 HPs)
             Began as a Green Draconian Ice Elementalist on Nov 22, 2023.
             Was an Initiate of Wu Jian.
             Slain by a wyvern (6 damage)
             ... on level 5 of the Dungeon.
             The game lasted 00:25:31 (2996 turns).

Crotyas the Chiller (DrIE)                          Turns: 2996, Time: 00:25:31

Health: -3/52      AC: 10    Str: 10    XL:     7   Next: 7%
Magic:  12/12      EV: 28    Int: 17    God:    Wu Jian [......]
Gold:   130        SH:  0    Dex: 12    Spells: 12/13 levels left

rFire   . . .        y - +3 dagger (protect)
rCold   . . .        (no shield)
rNeg    . . .        (body armour unavailable)
rPois   +            (helmet restricted)
rElec   .            (no cloak)
rCorr   .            (no gloves)
SInv    .            (no boots)
Will    .....        n - amulet of the acrobat
Stlth   ++           w - +4 ring of protection
HPRegen 0.28/turn    v - ring of poison resistance
MPRegen 0.13/turn

%: acrobat
@: acrobatic
A: breathe noxious fumes, AC +6, unfitting armour, poison resistance,
cold-blooded
a: Breathe Noxious Fumes, Renounce Religion


You were on level 5 of the Dungeon.
You worshipped Wu Jian.
Wu Jian was noncommittal.
You visited 1 branch of the dungeon, and saw 6 of its levels.

You collected 130 gold pieces.

Inventory:

Hand Weapons
 d - a +0 whip
 e - a +0 spear
 k - a +0 dagger
 m - a +0 long sword
 y - a +3 dagger of protection (weapon)
Missiles
 g - 2 poisoned darts
Armour
 q - a +0 robe
 u - a +0 leather armour
Jewellery
 l - a ring of resist corrosion
 n - an amulet of the acrobat (around neck)
 v - a ring of poison resistance (right hand)
 w - a +4 ring of protection (left hand)
Wands
 a - a wand of light (7)
 x - a wand of charming (4)
 A - a wand of flame (20)
Scrolls
 b - 2 scrolls of fog {unknown}
 c - a scroll of enchant weapon {unknown}
 h - a scroll of enchant armour {unknown}
 i - a scroll of noise {unknown}
 p - 3 scrolls of identify {unknown}
 z - a scroll of butterflies {unknown}
Potions
 f - a potion of berserk rage {unknown}
 j - 3 potions of ambrosia {unknown}
 o - a potion of attraction {unknown}
 r - a potion of lignification {unknown}
 s - a potion of curing {unknown}
 t - a potion of might {unknown}


   Skills:
 + Level 1.2 Fighting
 + Level 2.1 Short Blades
 + Level 1.4 Polearms
 + Level 3.7 Dodging
 + Level 2.6 Stealth
 + Level 0.2 Unarmed Combat
 + Level 3.7 Spellcasting
 + Level 5.4 Ice Magic


You had 12 spell levels left.
You knew the following spells:

 Your Spells              Type           Power      Damage    Failure   Level
a - Freeze                Ice            84%        1d9       1%          1

Your spell library contained the following spells:

 Spells                   Type           Power      Damage    Failure   Level
 Frozen Ramparts          Ice            42%        1d7       5%          3
 Ozocubu's Armour         Ice            21%        N/A       5%          3
 Apportation              Tloc           6%         N/A       16%         1
 Foxfire                  Conj/Fire      12%        2x1d4     16%         1
 Jinxbite                 Hex            6%         N/A       24%         2
 Static Discharge         Conj/Air       6%         3-4/arc   24%         2
 Inner Flame              Hex/Fire       3%         N/A       43%         3
 Summon Ice Beast         Ice/Summ       12%        N/A       45%         4
 Airstrike                Air            1%         2d(1-17)  85%         4
 Flame Wave               Conj/Fire      3%         2d5       85%         4
 Sticky Flame             Conj/Fire      3%         2d3       85%         4
 Summon Lightning Spire   Summ/Air       3%         N/A       85%         4
 Alistair's Intoxication  Tmut/Pois      2%         N/A       99%         5


Dungeon Overview and Level Annotations

Branches:
Dungeon (6/15)
 Temple: D:4-7

Altars:
Vehumet
Wu Jian

Annotations:
D:5 1 transporter, pzskc383's ghost, novice GrFi


Innate Abilities, Weirdness & Mutations

You can breathe blasts of noxious fumes.
Your lurid green scales are hard. (AC +6)
You cannot fit into any form of body armour.
Your system is resistant to poisons. (rPois)
You are cold-blooded and may be slowed by cold attacks.


Message History

Press: ? - help, Shift-Dir - straight line
Okay, then.
Pzskc383's ghost keens inconsolably.
There is a transporter here.
There is a radiant altar of Vehumet here.
A wyvern comes into view.
Found Great Wizards, Vol.
VII.
The wyvern hisses angrily.
You lunge at the wyvern.
You closely miss the wyvern. The wyvern bites you!
Casting: Freeze (safe; 1% risk of failure)
Confirm with . or Enter, or press ? or * to list all spells.
Aiming: Freeze (safe; 1% risk of failure)
Press: ? - help, Shift-Dir - straight line, f - wyvern
Aim: a wyvern You freeze the wyvern.
The wyvern is lightly wounded.
The wyvern bites you but does no damage.
The wyvern bites you! The wyvern barely misses you.
The wyvern attacks as it pursues you! The wyvern misses you.
The wyvern misses you.
The wyvern bites you but does no damage.
The wyvern attacks as it pursues you! The wyvern completely misses you.
The wyvern bites you but does no damage.
The wyvern bites you. The wyvern misses you.
The wyvern attacks as it pursues you! The wyvern closely misses you.
The wyvern completely misses you. The wyvern closely misses you.
The wyvern bites you! The wyvern bites you!
* * * LOW HITPOINT WARNING * * *
The wyvern attacks as it pursues you! The wyvern bites you!
* * * LOW HITPOINT WARNING * * *
The wyvern barely misses you. The wyvern attacks as it pursues you!
The wyvern completely misses you. The wyvern completely misses you.
The wyvern attacks as it pursues you! The wyvern misses you.
The wyvern bites you.
You die...

#...#....###### ##..##...##
.........# ##.##.....##
..#._.#..########..#.......#.##
........##.....##......_.......
....#...##.....##.##.......#.#.
........##........###.....##.#
#..##...##.....####.##...## #
....##..####..#####.###.##
.....##.#......l@.......#
.....##.#.###...........#
..........# #...........#
....##.>.## #...).......#
....###### #...))......# ....#
#........[..# ....#
##......<....# ....#
#.......[....# #####
#.############


You could see a wyvern.

Vanquished Creatures
  A yak (D:5)
  A black bear (D:3)
  2 phantoms (D:5)
  Ijyb (D:3)
  2 iguanas
  5 adders
  2 dart slugs
  A worm (D:2)
  5 orcs (D:5)
  An endoplasm (D:1)
  A giant cockroach (D:3)
  4 goblins
  4 hobgoblins
  4 jackals (D:5)
  A quokka (D:1)
  3 ball pythons
  7 bats
  A kobold (D:5)
  2 rats
48 creatures vanquished.

Notes
Turn   | Place    | Note
-------+----------+-------------------------------------------
     0 | D:1      | Crotyas the Draconian Ice Elementalist began the quest for
                  | the Orb.
     0 | D:1      | Reached XP level 1. HP: 14/14 MP: 3/3
   315 | D:2      | Reached XP level 2. HP: 16/20 MP: 5/5
   360 | D:2      | HP: 1/20 [worm (4)]
   644 | D:1      | Reached XP level 3. HP: 23/26 MP: 6/6
   825 | D:1      | Found a faded altar of an unknown god.
   834 | D:1      | Got Plato's Treatise on Injury
  2086 | D:4      | Noticed Ijyb
  2102 | D:3      | Killed Ijyb
  2103 | D:3      | Reached skill level 1 in Polearms
  2103 | D:3      | Reached XP level 4. HP: 22/33 MP: 2/7
  2330 | D:4      | Noticed a black bear
  2367 | D:3      | Killed a black bear
  2368 | D:3      | Reached XP level 5. HP: 23/39 MP: 6/9
  2410 | D:4      | You fall into a shaft and drop 2 floors!
  2466 | D:6      | Reached skill level 5 in Ice Magic
  2542 | D:5      | Entered Level 5 of the Dungeon
  2542 | D:5      | Found an ornate altar of the Wu Jian Council.
  2571 | D:5      | Became a worshipper of the Wu Jian Council
  2584 | D:5      | Noticed a phantom
  2610 | D:5      | Killed a phantom
  2611 | D:5      | Reached skill level 1 in Fighting
  2611 | D:5      | Reached skill level 1 in Short Blades
  2611 | D:5      | Reached XP level 6. HP: 42/47 MP: 5/10
  2805 | D:5      | Noticed a yak
  2826 | D:5      | Killed a yak
  2906 | D:5      | Found a transporter.
  2907 | D:5      | Found a radiant altar of Vehumet.
  2909 | D:5      | Noticed pzskc383's ghost (novice GrFi)
  2936 | D:5      | Your scales start taking on a lurid green colour.
  2936 | D:5      | Reached XP level 7. HP: 44/52 MP: 12/12
  2936 | D:5      | Gained mutation: Your system is resistant to poisons.
                  | (rPois) [Green Draconian growth]
  2966 | D:5      | Noticed a wyvern
  2991 | D:5      | HP: 1/52 [wyvern (9)]
  2996 | D:5      | Slain by a wyvern

Illustrated notes

Levels and vault maps discovered:
D:1:      minmay_arrival_stair_chambers, layout_basic, serial_shops,
          nicolae_square_shop, shapermc_ecumenical_altar_rom_forum,
          minmay_misc_feat_chi, minmay_liquid_box, minmay_hedge_maze,
          chequers_serial_rivers_large_b, dreamdust_princess_corridor,
          minmay_tetromino_s4
D:2:      layout_loops_ring, minmay_misc_feat_five, kennysheep_nub,
          nrook_loot_triangle
D:3:      layout_basic
D:4:      minmay_opposing_rooms, layout_basic, minmay_temple_entry_junction,
          dk_vineyard_1, uniq_natasha, uniq_ijyb
D:5:      lemuel_castle_with_subvaults [lemuel_castle_interior_original],
          layout_basic, minmay_overflow_temple_hex, lemuel_round_altar,
          vehumet_altar_wand_db, gammafunk_ghost_mausoleum,
          kennysheep_another_room, reono_crystal_passage, minmay_manual_monolith
D:6:      layout_rooms, gammafunk_ghost_gnarly_gnolls, grunt_decor_arrowhead,
          nicolae_zen_rock_garden

Skill      XL: |  1  2  3  4  5  6 |
---------------+-------------------+-----
Dodging        | 2 3 |  3.7
Polearms       | 1 |  1.4
Stealth        | 2 |  2.6
Ice Magic      | 5 |  5.4
Spellcasting   | 3 |  3.7
Fighting       | 1 |  1.2
Short Blades   | 1 2 |  2.1
Unarmed Combat | |  0.2

Action                     |  1- 3 |  4- 6 |  7- 9 || total
---------------------------+-------+-------+-------++-------
  Melee: Spear             |    92 |       |       ||    92
         Unarmed           |    14 |       |       ||    14
         Tailslap          |     8 |    19 |       ||    27
         Punch             |     2 |       |       ||     2
         Dagger            |       |   138 |     2 ||   140
   Cast: Freeze            |    14 |    20 |     1 ||    35
Ability: Lunge             |       |     2 |     1 ||     3
    Use: Potion            |       |     1 |       ||     1
   Stab: Sleeping          |     2 |     1 |       ||     3
 Armour: Skin              |    51 |    96 |    10 ||   157
  Dodge: Dodged            |    77 |   128 |    12 ||   217

Table legend: (Time is in decaauts)
 A = Elapsed time spent in this place.
 B = Non-inter-level travel time spent in this place.
 C = Inter-level travel time spent in this place.
 D = Time resting spent in this place.
 E = Time spent auto-exploring this place.
 F = Levels seen in this place.
 G = Mean time per level.
                   A        B        C        D        E       F      G
               +--------+--------+--------+--------+--------+-----+--------+
         Total |   3002 |    778 |   2224 |      0 |      0 |   6 |  500.3 |
       Dungeon |   3002 |    778 |   2224 |      0 |      0 |   6 |  500.3 |
               +--------+--------+--------+--------+--------+-----+--------+

Top non-repeatable levels by time:
     D:1: 931 daAuts
     D:3: 838 daAuts
     D:2: 630 daAuts
     D:5: 449 daAuts
     D:6: 131 daAuts
     D:4: 20 daAuts
